General information
- name: BNet
- type: Ladder team game (AT/RT)
- host: Battle.net
- saver: OvinusMaximus
map: GolemsInTheMist
- players: 8
- length: 21:48
- speed: Fast
- version: 1.24 W3XP
- replay type: Public
» download(106 KB)
Players
team 1 (winner)

»
JeS.uSWaLkS (
teal | 49 APM | 1071 actions | 21:38)
4 Dreadlord
2 Vampiric Aura
2 Carrion Swarm
2 Death Knight
1 Death Coil
1 Unholy Aura
» actions
| Assign group hotkey | 5 | |
| Build / train | 54 | |
| Enter build submenu | 19 | |
| Enter hero's abilities submenu | 6 | |
| Give item / drop item | 1 | |
| Right click | 422 | |
| Select / deselect | 349 | |
| Select group hotkey | 181 | |
| Use ability | 34 | |
1071 total
» units
| Acolyte | 8 | |
| Ghoul | 13 | |
| Necromancer | 6 | |
| Obsidian Statue | 3 | |
30 total
» upgrades
| Unholy Strength | 2 | |
| Unholy Armor | 3 | |
| Skeletal Longevity | 1 | |
| Skeletal Mastery | 1 | |
| Ghoul Frenzy | 1 | |
| Necromancer Training | 2 | |
10 total
» buildings
| Crypt | 2 | |
| Ziggurat | 6 | |
| Altar of Darkness | 1 | |
| Tomb of Relics | 2 | |
| Graveyard | 1 | |
| Halls of the Dead | 1 | |
| Necropolis | 1 | |
| Black Citadel | 1 | |
| Temple of the Damned | 2 | |
| Slaughterhouse | 1 | |
18 total
» build order
00:08 Crypt
00:11 Ziggurat
00:36 Altar of Darkness
00:56 Ziggurat
01:38 Crypt
02:26 Tomb of Relics
02:36 Tomb of Relics
03:59 Ziggurat
04:44 Graveyard
06:30 Halls of the Dead
07:06 Ziggurat
08:38 Necropolis
08:58 Black Citadel
09:02 Ziggurat
09:07 Temple of the Damned
09:11 Temple of the Damned
12:43 Ziggurat
13:48 Slaughterhouse
» items
| Rod of Necromancy | 2 | |
| Potion of Healing | 1 | |
| Orb of Corruption | 1 | |
4 total

»
OvinusMaximus (
pink | 9 APM | 191 actions | 21:48)
» actions
| Right click | 123 | |
| Select / deselect | 58 | |
| Use ability | 10 | |
191 total

»
ViensVoirPapa (
blue | 40 APM | 869 actions | 21:38)
7 Death Knight
3 Death Coil
3 Unholy Aura
1 Animate Dead
6 Lich
2 Frost Nova
3 Frost Armor
1 Death and Decay
» actions
| Basic commands | 3 | |
| Build / train | 60 | |
| Enter build submenu | 25 | |
| Enter hero's abilities submenu | 13 | |
| Give item / drop item | 2 | |
| Remove unit from queue | 2 | |
| Right click | 391 | |
| Select / deselect | 289 | |
| Use ability | 84 | |
869 total
» units
| Acolyte | 7 | |
| Ghoul | 3 | |
| Crypt Fiend | 14 | |
| Obsidian Statue | 2 | |
| Frost Wyrm | 1 | |
27 total
» upgrades
| Creature Attack | 3 | |
| Creature Carapace | 2 | |
| Web | 1 | |
| Freezing Breath | 1 | |
7 total
» buildings
| Ziggurat | 9 | |
| Crypt | 2 | |
| Graveyard | 1 | |
| Altar of Darkness | 1 | |
| Nerubian Tower | 1 | |
| Tomb of Relics | 1 | |
| Halls of the Dead | 1 | |
| Slaughterhouse | 1 | |
| Black Citadel | 1 | |
| Sacrificial Pit | 1 | |
| Necropolis | 2 | |
| Boneyard | 2 | |
23 total
» build order
00:16 Ziggurat
00:18 Crypt
00:22 Crypt
00:40 Graveyard
00:58 Altar of Darkness
01:28 Nerubian Tower
01:35 Tomb of Relics
01:51 Ziggurat
04:20 Ziggurat
05:18 Ziggurat
05:47 Halls of the Dead
08:04 Ziggurat
10:30 Slaughterhouse
10:44 Ziggurat
14:01 Black Citadel
16:01 Sacrificial Pit
16:23 Ziggurat
16:25 Ziggurat
18:00 Necropolis
18:07 Boneyard
18:14 Boneyard
18:57 Ziggurat
21:35 Necropolis
» items
| Rod of Necromancy | 3 | |
| Scroll of Town Portal | 1 | |
| Potion of Healing | 1 | |
5 total
Darkness_ (
orange | 43 APM | 920 actions | 21:38)
4 Archmage
2 Blizzard
2 Brilliance Aura
» actions
| Assign group hotkey | 13 | |
| Build / train | 72 | |
| Enter build submenu | 25 | |
| Enter hero's abilities submenu | 4 | |
| Remove unit from queue | 3 | |
| Right click | 419 | |
| Select / deselect | 323 | |
| Select group hotkey | 29 | |
| Use ability | 32 | |
920 total
» units
| Peasant | 12 | |
| Footman | 5 | |
| Flying Machine | 37 | |
54 total
» upgrades
| Lumber Harvesting | 2 | |
| Gunpowder | 3 | |
| Flak Cannons | 1 | |
| Flying Machine Bombs | 1 | |
| Armor | 1 | |
8 total
» buildings
| Altar of Kings | 1 | |
| Barracks | 1 | |
| Farm | 13 | |
| Scout Tower | 2 | |
| Keep | 1 | |
| Town Hall | 2 | |
| Lumber Mill | 1 | |
| Blacksmith | 1 | |
| Castle | 1 | |
| Workshop | 3 | |
| Guard Tower | 0 | |
26 total
» build order
00:09 Altar of Kings
00:20 Barracks
00:37 Farm
00:47 Farm
01:49 Scout Tower
02:53 Farm
03:00 Keep
04:25 Town Hall
04:32 Scout Tower
05:17 Lumber Mill
05:23 Blacksmith
07:09 Castle
08:14 Workshop
08:17 Workshop
08:51 Workshop
09:25 Farm
10:05 Farm
10:07 Farm
10:07 Farm
10:36 Town Hall
11:09 Farm
11:11 Farm
11:16 Farm
15:35 Farm
15:37 Farm
19:14 Guard Tower
21:22 Farm
team 2 (loser)
IxOwnxYoux (
yellow | 13 APM | 288 actions | 21:22)
3 Far Seer
2 Feral Spirit
1 Chain Lighting
» actions
| Basic commands | 1 | |
| Build / train | 51 | |
| Enter build submenu | 12 | |
| Enter hero's abilities submenu | 4 | |
| Right click | 77 | |
| Select / deselect | 115 | |
| Use ability | 27 | |
288 total
» units
| Peon | 25 | |
| Grunt | 4 | |
| Troll Headhunter/Berserker | 13 | |
| Goblin Zeppelin | 2 | |
44 total
» upgrades
» buildings
| Orc Burrow | 5 | |
| Altar of Storms | 1 | |
| Barracks | 1 | |
| War Mill | 1 | |
| Great Hall | 1 | |
| Stronghold | 1 | |
10 total
» build order
00:10 Orc Burrow
00:13 Altar of Storms
00:32 Barracks
02:31 War Mill
07:12 Orc Burrow
07:19 Orc Burrow
07:29 Orc Burrow
15:38 Great Hall
16:08 Stronghold
16:27 Orc Burrow

»
sweeeeeet (
red | 51 APM | 949 actions | 18:34)
6 Archmage
3 Summon Water Elemental
2 Brilliance Aura
1 Mass Teleport
» actions
| Basic commands | 66 | |
| Build / train | 61 | |
| Enter build submenu | 19 | |
| Enter hero's abilities submenu | 6 | |
| Remove unit from queue | 1 | |
| Right click | 409 | |
| Select / deselect | 288 | |
| Use ability | 99 | |
949 total
» units
| Peasant | 16 | |
| Footman | 11 | |
| Mortar Team | 9 | |
| Siege Engine | 7 | |
43 total
» upgrades
| Defend | 1 | |
| Lumber Harvesting | 1 | |
| Gunpowder | 1 | |
| Barrage | 1 | |
4 total
» buildings
| Farm | 11 | |
| Altar of Kings | 1 | |
| Barracks | 1 | |
| Scout Tower | 1 | |
| Arcane Tower | 1 | |
| Town Hall | 1 | |
| Keep | 1 | |
| Lumber Mill | 1 | |
| Arcane Vault | 1 | |
| Blacksmith | 1 | |
| Workshop | 2 | |
| Castle | 1 | |
23 total
» build order
00:18 Farm
00:26 Altar of Kings
00:40 Farm
00:48 Barracks
01:51 Scout Tower
02:20 Arcane Tower
02:24 Farm
03:05 Farm
03:33 Town Hall
04:35 Keep
05:08 Lumber Mill
05:54 Arcane Vault
06:24 Farm
07:03 Farm
07:06 Blacksmith
08:00 Workshop
08:03 Workshop
08:32 Castle
08:38 Farm
08:39 Farm
08:39 Farm
08:42 Farm
10:12 Farm
» items

»
beingnitself (
purple | 41 APM | 648 actions | 15:50)
3 Shadow Hunter
2 Healing Wave
1 Hex
» actions
| Assign group hotkey | 20 | |
| Basic commands | 4 | |
| Build / train | 38 | |
| Enter build submenu | 23 | |
| Enter hero's abilities submenu | 3 | |
| Right click | 278 | |
| Select / deselect | 177 | |
| Select group hotkey | 66 | |
| Use ability | 39 | |
648 total
» units
| Peon | 6 | |
| Troll Headhunter/Berserker | 17 | |
| Goblin Zeppelin | 1 | |
| Goblin Shredder | 1 | |
| Kodo Beast | 1 | |
26 total
» upgrades
| Troll Regeneration | 1 | |
| Ranged Weapons | 3 | |
| Berserker Upgrade | 1 | |
| Armor | 1 | |
6 total
» buildings
| Altar of Storms | 2 | |
| Orc Burrow | 4 | |
| War Mill | 1 | |
| Barracks | 3 | |
| Stronghold | 1 | |
| Fortress | 1 | |
| Voodoo Lounge | 1 | |
| Beastiary | 1 | |
| Great Hall | 1 | |
| Watch Tower | 9 | |
24 total
» build order
00:12 Altar of Storms
00:18 Orc Burrow
01:09 War Mill
01:17 Barracks
02:19 Orc Burrow
03:18 Barracks
03:21 Barracks
04:23 Stronghold
04:27 Orc Burrow
05:23 Orc Burrow
06:58 Fortress
07:06 Voodoo Lounge
11:07 Beastiary
12:46 Altar of Storms
14:43 Great Hall
14:52 Watch Tower
14:56 Watch Tower
14:59 Watch Tower
15:01 Watch Tower
15:02 Watch Tower
15:04 Watch Tower
15:05 Watch Tower
15:07 Watch Tower
15:09 Watch Tower

»
toadmonkey22 (
green | 1 APM | 12 actions | 21:38)
» actions
| Basic commands | 1 | |
| Right click | 3 | |
| Select / deselect | 8 | |
12 total
Chat log
(00:22 / Allies) JeS.uSWaLkS: haha
(01:08 / All) JeS.uSWaLkS: how?
(01:09 / Allies) Darkness_: wth
(01:14 / All) sweeeeeet: ?
(01:16 / Allies) OvinusMaximus: wtf, i didn't get any buildings
(01:20 / All) JeS.uSWaLkS: mass sheep
(01:24 / Allies) OvinusMaximus: ???
(01:25 / All) sweeeeeet: who do it?
(01:26 / Allies) OvinusMaximus: where are my guys?
(01:28 / All) sweeeeeet: its a hack
(01:29 / All) sweeeeeet: new hack
(01:30 / Allies) OvinusMaximus: wtf hackers?
(01:30 / All) JeS.uSWaLkS: pink
(01:37 / All) sweeeeeet: its a new hack
(01:55 / Allies) OvinusMaximus: what is going on
(02:07 / All) JeS.uSWaLkS: lame as if i don't get bsed or noobed enough in rt
(04:00 / Allies) OvinusMaximus: where are my guys
(05:54 / Allies) OvinusMaximus: why didn't i get any guys :/
(09:35 / Allies) OvinusMaximus: help
(11:44 / Allies) OvinusMaximus: nova
(11:44 / Allies) OvinusMaximus: go
(12:09 / Allies) OvinusMaximus: get the altar
(12:46 / Allies) Darkness_: we need to hit red
(12:49 / All) sweeeeeet: lag hacker?
(14:18 / Allies) Darkness_: yo
(14:20 / Allies) Darkness_: hit red
(14:22 / Allies) Darkness_: or we might lose
(14:36 / Allies) OvinusMaximus: it's 3v4 we probably gonna lose anyway :/
(14:43 / Allies) OvinusMaximus: wish game hadn't glitched out like this
(14:44 / Allies) Darkness_: nah
(14:50 / Allies) Darkness_: hes not there
(14:52 / Allies) Darkness_: red took
(14:53 / All) sweeeeeet: nice
(14:54 / All) sweeeeeet: hahaha
(15:08 / All) sweeeeeet: and purple said "fucking help me now you noob"
(15:25 / All) OvinusMaximus: whateve rman game glitched out and i didn't even get any units
(16:35 / Allies) OvinusMaximus: you guys are good i think we're winning
(16:37 / Allies) OvinusMaximus: wow
(16:41 / Allies) ViensVoirPapa: lol
(16:49 / All) sweeeeeet: orange suck hard
(16:50 / All) sweeeeeet: btw
(16:55 / All) Darkness_: yup
(17:05 / All) OvinusMaximus: man game glitch out i didn't even get units, you lost 4v3
(17:11 / All) Darkness_: look at my stats
(17:12 / All) JeS.uSWaLkS: ...
(17:15 / All) Darkness_: so hard
(17:15 / All) sweeeeeet: 3v3*
(17:16 / All) JeS.uSWaLkS: they were down 1
(17:22 / All) sweeeeeet: here 2
(17:27 / All) sweeeeeet: u see green on this game?
(17:28 / All) sweeeeeet: noob
(17:33 / All) sweeeeeet: he bsing us with peons
(17:35 / All) JeS.uSWaLkS: he can hack but not play
(17:42 / All) sweeeeeet: ???
(17:43 / All) sweeeeeet: man
(17:45 / All) sweeeeeet: That was 3v3
(17:48 / All) JeS.uSWaLkS: i kno
(18:12 / All) IxOwnxYoux: fuckin 2 noobs on the team
(18:17 / All) IxOwnxYoux: calling us noobs
(18:18 / All) Darkness_: red dont u hate games liek this
(18:20 / All) sweeeeeet: lol
(18:33 / All) sweeeeeet: yellow sorry but u noob
(18:35 / All) Darkness_: i only creeped lvl 2
(19:09 / All) IxOwnxYoux: its 2010 guys this game is 2003 u really gonna use the word noob u have no life
(20:05 / Allies) Darkness_: gj guys
(20:23 / Allies) JeS.uSWaLkS: oj use copters
(20:29 / Allies) Darkness_: on it
(20:57 / All) JeS.uSWaLkS: GG